 Dungeon Crawl Stone Soup version 0.14-a0-19-g3ffea20 (webtiles) character file.

7428 Kae the Archer (level 10, -3/60 HPs)
             Began as a High Elf Hunter on Sept 25, 2013.
             Was an Elder of Okawaru.
             Killed from afar by an orc wizard (6 damage)
             ... with a magic dart
             ... on Level 10 of the Dungeon.
             The game lasted 00:29:57 (10395 turns).

Kae the Archer (High Elf Hunter)                   Turns: 10395, Time: 00:29:57

HP  -3/60        AC  5     Str 11      XL: 10   Next: 77%
MP  24/24        EV 18     Int 15      God: Okawaru [****..]
Gold 603         SH  0     Dex 20      Spells:  0 memorised,  9 levels left

Res.Fire  : . . .   See Invis. : .   b - +4 bow (velocity)
Res.Cold  : . . .   Warding    : .   d - +0 elf leather armour
Life Prot.: . . .   Conserve   : +   (no shield)
Res.Poison: .       Res.Corr.  : .   (no helmet)
Res.Elec. : .       Clarity    : .   i - +1 cloak
Sust.Abil.: + .     Spirit.Shd : .   (no gloves)
Res.Mut.  : .       Stasis     : .   (no boots)
Res.Rott. : .       Flight     : .   r - amulet of conservation
Saprovore : . . .                    e - ring of protection from magic
                                     j - ring of sustain abilities

@: quite resistant to hostile enchantments, fairly stealthy
A: no striking features
a: Heroism, Renounce Religion


You were on level 10 of the Dungeon.
You worshipped Okawaru.
Okawaru was greatly pleased with you.
You were not hungry.

You visited 2 branches of the dungeon, and saw 12 of its levels.

You collected 611 gold pieces.
You spent 28 gold pieces at shops.

Inventory:

Hand weapons
 a - a +1,+3 scimitar of flaming
 b - a +4,+4 bow of velocity (weapon)
Missiles
 c - 47 arrows (quivered)
 L - 12 arrows of frost
 R - 25 arrows of dispersal
Armour
 d - a +0 elven leather armour (worn)
 i - a +1 cloak (worn)
Magical devices
 y - a wand of disintegration (21)
 z - a wand of lightning (6)
 C - a wand of draining (5)
 I - a wand of slowing (3)
 X - a wand of flame (15)
Comestibles
 f - 9 bread rations
 o - an apple
 p - 2 pears
 w - 2 chokos
 x - a beef jerky
 D - 2 meat rations
 M - an apricot
 O - 26 grapes
 W - 15 strawberries
 Y - a snozzcumber
Scrolls
 g - 7 scrolls of teleportation
 k - a scroll of recharging
 s - a scroll of amnesia
 t - 4 scrolls of remove curse
 u - a scroll of fog
 v - a scroll of noise
 P - 2 scrolls of identify
 S - 2 scrolls of fear
 U - 2 scrolls of magic mapping
Jewellery
 e - a ring of protection from magic (right hand)
 j - a ring of sustain abilities (left hand)
 n - an uncursed ring of magical power
 r - an amulet of conservation (around neck)
 F - an uncursed amulet of conservation
 Q - an uncursed ring of teleportation
 T - an uncursed ring of fire
Potions
 h - 4 potions of magic
 l - 7 potions of curing
 A - a potion of cure mutation {unknown}
 B - 3 potions of heal wounds
 E - a potion of brilliance
 G - a potion of speed
 V - a potion of berserk rage
Books
 q - the Incunabulum of the Ashen Entourage
   (You found it on level 7 of the Dungeon)

   Spells                             Type                      Level
   Summon Butterflies                 Summoning                    1
   Summon Small Mammal                Summoning                    1
   Leda's Liquefaction                Hexes/Earth                  4
   Bolt of Magma                      Conjuration/Fire/Earth       5
   Summon Dragon                      Summoning                    9


   Skills:
 - Level 1.0 Fighting
 - Level 14.3 Bows
 + Level 8.2 Dodging
 - Level 1.1 Stealth
 + Level 7.9 Invocations
 + Level 7.8 Evocations


You had 9 spell levels left.
You didn't know any spells.

Dungeon Overview and Level Annotations

Branches:
Dungeon (11/27)            Temple (1/1) D:5
    Orc: D:6-11        Lair: D:8-13

Altars:
Ashenzari
Cheibriados
Elyvilon
Fedhas
Kikubaaqudgha
Makhleb
Nemelex Xobeh
Okawaru
Sif Muna
Trog
Vehumet
Xom
Yredelemnul
Zin
the Shining One

Shops:
D:4 %   D:6 (/+*

Annotations:
D:8 exclusion: 2 doors


Message History

The orc wizard completely misses you.
Drink which item? (? for menu, Esc to quit)
You feel better. It hits you but does no damage. It misses you.
The orc wizard gestures wildly while chanting.
The orc wizard flickers and vanishes!
Firing (i - inventory. (,) - cycle):
c - 48 arrows (quivered)
Press: ? - help, Shift-Dir - straight line
Okay, then.
Unknown command.
It hits you.
* * * LOW HITPOINT WARNING * * *
You hear some strange, mumbled words.
Things that are here:
an arrow; an orcish dagger; an orcish robe Firing (i - inventory. (,) - cycle):
c - 48 arrows (quivered)
Press: ? - help, Shift-Dir - straight line You shoot an arrow.
The arrow hits something.
It hits you!
* * * LOW HITPOINT WARNING * * *
The magic dart hits you!
You die...

#....## ##....# ##...###
#.....# ##....## ##....##
##....#########
##......#....#
##.()..@..((##
#.....{.....##
#####..{#o...##
###.....#.....#
#......####...##
###.....##..#....###
###.....###...#......###
#......####...###......#
###......##.......#......#


You could see an orc.

Vanquished Creatures
  Erica (D:11)
  An unseen horror (D:11)
  Joseph (D:7)
  Psyche (D:11)
  A troll (D:11)
  The ghost of elenap21 the Skirmisher, an average GrFi of Jiyva (D:5)
  A wyvern (D:10)
  Eustachio (D:6)
  Edmund (D:5)
  A necrophage (D:8)
  A manticore (D:8)
  An ice beast (D:7)
  2 orc warriors (D:7)
  A yellow wasp (D:7)
  3 sky beasts
  7 ogres
  5 phantoms
  4 centaurs
  A crocodile (D:7)
  A big kobold (D:9)
  A gnoll sergeant (D:10)
  5 giant frogs
  A hippogriff zombie (D:9)
  2 quasits
  4 crimson imps
  3 hounds
  2 orc priests (D:4)
  A giant frog zombie (D:6)
  A jelly (D:10)
  A scorpion (D:4)
  An iron imp (D:6)
  11 orc wizards
  An iguana (D:8)
  9 worker ants
  Ijyb (D:4)
  A mottled dragon zombie (D:11)
  An ogre skeleton (D:8)
  2 hound skeletons
  4 gnolls (D:10)
  8 adders
  A green rat (D:6)
  A giant mite (D:7)
  2 worms (D:7)
  An adder skeleton (D:7)
  An iguana skeleton (D:10)
  4 giant eyeballs
  5 giant geckos
  An ooze (D:1)
  25 orcs
  A ball python (D:4)
  18 bats
  A gnoll zombie (D:7)
  18 goblins
  13 hobgoblins
  5 jackals
  4 quokkas
  4 giant cockroaches
  3 giant newts
  A giant spore (D:9)
  A hobgoblin skeleton (D:4)
  14 kobolds
  2 kobold skeletons
  An orc skeleton (D:4)
  A quokka zombie (D:5)
  16 rats
  A rat skeleton (D:6)
  A rat zombie (D:5)
  A ballistomycete (D:9)
243 creatures vanquished.

Vanquished Creatures (others)
  An orc (D:4)
  2 kobolds (D:9)
3 creatures vanquished.

Grand Total: 246 creatures vanquished

Notes
Turn   | Place    | Note
--------------------------------------------------------------
     0 | D:1      | Kae, the High Elf Hunter, began the quest for the Orb.
     0 | D:1      | Reached XP level 1. HP: 14/14 MP: 1/1
   484 | D:1      | Reached XP level 2. HP: 17/19 MP: 2/2
   523 | D:1      | Reached skill level 6 in Bows
  1272 | D:2      | Reached XP level 3. HP: 10/24 MP: 4/4
  1906 | D:2      | Reached skill level 7 in Bows
  2167 | D:3      | Reached XP level 4. HP: 29/29 MP: 6/6
  2627 | D:3      | Noticed an ogre
  2635 | D:3      | Killed an ogre
  2635 | D:3      | Reached skill level 8 in Bows
  2635 | D:3      | Reached XP level 5. HP: 23/34 MP: 7/7
  2853 | D:3      | Reached skill level 9 in Bows
  3099 | D:4      | Noticed Ijyb
  3112 | D:4      | Killed Ijyb
  3112 | D:4      | Reached XP level 6. HP: 25/39 MP: 9/9
  3382 | D:4      | Noticed an ogre
  3387 | D:4      | Killed an ogre
  3387 | D:4      | Reached skill level 10 in Bows
  3392 | D:4      | Found Kluotraz's Food Emporium.
  3737 | D:4      | Noticed a phantom
  3748 | D:4      | Killed a phantom
  3748 | D:4      | Reached skill level 11 in Bows
  3748 | D:4      | Reached XP level 7. HP: 27/44 MP: 11/11
  4270 | D:5      | Entered Level 5 of the Dungeon
  4287 | D:5      | Noticed elenap21's ghost (average GrFi)
  4297 | D:5      | Killed elenap21's ghost
  4297 | D:5      | Reached skill level 12 in Bows
  4527 | D:5      | Found a staircase to the Ecumenical Temple.
  4532 | Temple   | Entered the Ecumenical Temple
  4572 | Temple   | Became a worshipper of Warmaster Okawaru
  4603 | D:5      | Found a white marble altar of Elyvilon.
  4603 | D:5      | Found a snail-covered altar of Cheibriados.
  4755 | D:5      | Noticed Edmund
  4770 | D:5      | Killed Edmund
  4770 | D:5      | Reached skill level 13 in Bows
  4770 | D:5      | Reached XP level 8. HP: 48/50 MP: 12/12
  5065 | D:6      | Acquired Okawaru's first power
  5181 | D:6      | Noticed Eustachio
  5200 | D:6      | Killed Eustachio
  5248 | D:6      | Reached skill level 14 in Bows
  5298 | D:6      | Found Myhozust's Weapon Boutique.
  5380 | D:6      | Reached skill level 1 in Invocations
  5384 | D:6      | Reached skill level 1 in Evocations
  5654 | D:6      | Found Zaept's Book Boutique.
  5655 | D:6      | Found Twases' Magical Wand Shop.
  5656 | D:6      | Found Vaisedied's General Store.
  5679 | D:6      | Found an ancient bone altar of Kikubaaqudgha.
  5721 | D:6      | Bought a potion of curing for 28 gold pieces
  6237 | D:7      | Noticed Joseph
  6252 | D:7      | Killed Joseph
  6252 | D:7      | Reached XP level 9. HP: 10/54 MP: 16/18
  6632 | D:7      | Identified the Incunabulum of the Ashen Entourage
  6710 | D:7      | Reached skill level 5 in Dodging
  7113 | D:7      | Found a burning altar of Makhleb.
  7114 | D:7      | Noticed a blizzard demon
  7180 | D:8      | Reached skill level 5 in Evocations
  7232 | D:8      | Reached skill level 5 in Invocations
  7305 | D:8      | Paralysed by a giant eyeball for 2 turns
  8325 | D:9      | Reached XP level 10. HP: 60/60 MP: 22/22
  8393 | D:9      | Found a radiant altar of Vehumet.
  8582 | D:9      | Found a sparkling altar of Nemelex Xobeh.
  8855 | D:10     | Entered Level 10 of the Dungeon
  9808 | D:11     | Noticed Psyche
  9825 | D:11     | Killed Psyche
  9867 | D:11     | Killed an unseen horror
 10121 | D:11     | Noticed Erica
 10132 | D:11     | Killed Erica
 10315 | D:11     | Noticed a hill giant
 10395 | D:10     | HP: 3/60 [something (11)]
 10395 | D:10     | Killed from afar by an orc wizard

Action                   |  1- 3 |  4- 6 |  7- 9 | 10-12 || total
-------------------------+-------+-------+-------+-------++-------
Melee: Short sword       |   141 |    30 |       |       ||   171
       Dagger            |       |    80 |       |    11 ||    91
 Fire: Bow               |    24 |    71 |   350 |   152 ||   597
Invok: Heroism           |       |       |     4 |     3 ||     7
Evoke: Wand              |       |       |     4 |     2 ||     6
  Use: Potion            |       |     4 |     3 |     2 ||     9
       Scroll            |       |       |    17 |     5 ||    22
 Stab: Sleeping          |     2 |     2 |       |       ||     4
